 Dungeon Crawl Stone Soup version 0.31-a0-217-g58bb5d79cf (webtiles) character file.

Game seed: 17411708882443291188

58 qw the Shooter (level 3, -2/29 HPs)
             Began as a Minotaur Hexslinger on July 3, 2023.
             Killed by nerve-wracking pain
             ... invoked by Jessica
              (14 damage)
             ... on level 2 of the Dungeon.
             The game lasted 00:00:28 (770 turns).

qw the Shooter (Minotaur Hexslinger)                 Turns: 770, Time: 00:00:28

Health: -2/29      AC:  5    Str: 12    XL:     3   Next: 75%
Magic:  3/3        EV: 11    Int: 10    God:
Gold:   66         SH:  0    Dex: 14    Spells: 3/4 levels left

rFire   . . .        Y - +1 sling
rCold   . . .        (no shield)
rNeg    . . .        j - +0 ring mail
rPois   .            (helmet restricted)
rElec   .            (no cloak)
rCorr   .            (no gloves)
SInv    .            (no boots)
Will    .....        (no amulet)
Stlth   +            (no ring)
HPRegen 0.24/turn    (no ring)
MPRegen 0.08/turn

%: no passive effects
@: slowed, very slow
A: horns 2, retaliatory headbutt
a: no special abilities


You were on level 2 of the Dungeon.
You visited 1 branch of the dungeon, and saw 2 of its levels.

You collected 66 gold pieces.


Innate Abilities, Weirdness & Mutations

You have a pair of horns on your head.
You reflexively headbutt those who attack you in melee.


   Skills:
 - Level 2.0 Fighting
 + Level 4.0 Ranged Weapons
 - Level 1.2 Armour
 - Level 2.1 Dodging
 - Level 1.0 Spellcasting
 - Level 2.0 Hexes


You had 3 spell levels left.
You knew the following spells:

 Your Spells              Type           Power      Damage    Failure   Level
a - Slow                  Hex            16%        N/A       34%         1

Your spell library contained the following spells:

 Spells                   Type           Power      Damage    Failure   Level
 Inner Flame              Hex/Fire       2%         N/A       83%         3
 Portal Projectile        Hex/Tloc       4%         N/A       83%         3
 Cause Fear               Hex            2%         N/A       98%         4

Inventory:

Hand Weapons
 Y - a +1 sling (weapon)
Armour
 j - a +0 ring mail (worn)
Scrolls
 a - a scroll of blinking {unknown}
 b - a scroll of fog {unknown}
 g - 3 scrolls of identify
Potions
 f - a potion of mutation

Dungeon Overview and Level Annotations

Branches:
Dungeon (2/15)

Altars:

Shops:
D:1 =

Annotations:
D:2 Jessica


Message History

Jessica says, "Why did you come here?"
You shoot a sling bullet. The sling bullet hits the adder!
You kill the adder!
You feel sick.
You are no longer poisoned.
Jessica casts a spell at you. Pain shoots through your body!
Your Armour skill increases to level 1!
You shoot a sling bullet.
The sling bullet closely misses the hobgoblin.
Jessica casts a spell at you.
You feel yourself slow down. The hobgoblin hits you.
The kobold hits you with a +0 club.
The hobgoblin hits you but does no damage.
766 ||| DRINKING potion of heal wounds.
You feel much better. The hobgoblin closely misses you.
You furiously retaliate!
You headbutt the hobgoblin!
You kill the hobgoblin!
The kobold hits you with a +0 club.
Jessica gestures wildly while chanting.
Jessica blinks!
You shoot a sling bullet. The sling bullet hits the kobold!
You kill the kobold!
Jessica casts a spell.
Jessica seems to speed up.
You shoot a sling bullet.
The sling bullet hits Jessica but does no damage.
Jessica points at you and mumbles some strange words.
Pain shoots through your body! Jessica hits you but does no damage.
You shoot a sling bullet.
The sling bullet hits Jessica but does no damage.
Jessica barely misses you. Jessica casts a spell at you.
Pain shoots through your body! Jessica hits you but does no damage.
You shoot a sling bullet. The sling bullet barely misses Jessica.
Jessica points at you and mumbles some strange words.
You feel as though you will be slow longer.
Jessica points at you and mumbles some strange words.
Pain shoots through your body!
You die...

.......# .......# #.#
.......# ..# ##.#####
##.. # ##.# #####...##.#
#..# ##...........
#.##########...........<
.......................#
...##.%....##..^@@.....#
.####.#######....).....#
.####......#...........#
##....................##
...#)...................
.###..................##
.# #..................#
## #..................#
# #.........


You could see Jessica (fast, empowered).

Vanquished Creatures
  An adder (D:2)
  A dart slug (D:1)
  5 ball pythons (D:1)
  2 endoplasms (D:1)
  3 giant cockroaches (D:1)
  6 goblins
  3 hobgoblins
  2 jackals (D:1)
  6 kobolds
  4 quokkas (D:1)
  2 bats
  3 frilled lizards
  4 rats
42 creatures vanquished.

Notes
Turn   | Place    | Note
-------+----------+-------------------------------------------
     0 | D:1      | qw the Minotaur Hexslinger began the quest for the Orb.
     0 | D:1      | Reached XP level 1. HP: 16/16 MP: 1/1
     0 | D:1      | 0 ||| qw: Version: 0.3-a-40-ge99b1a8
     0 | D:1      | 0 ||| qw: Game counter: 284
     0 | D:1      | 0 ||| qw: Melee chars always use a shield: true
     0 | D:1      | 0 ||| qw: God list: Okawaru
     0 | D:1      | 0 ||| qw: Allow faded altars: false
     0 | D:1      | 0 ||| qw: Do Orc after clearing Dungeon:15 true
     0 | D:1      | 0 ||| qw: Do second Lair branch before Depths: true
     0 | D:1      | 0 ||| qw: Lair rune preference: random
     0 | D:1      | 0 ||| qw: Goals: Normal
     0 | D:1      | 0 ||| PLANNING D:1-11
    35 | D:1      | Reached skill level 3 in Ranged Weapons
    35 | D:1      | Reached XP level 2. HP: 15/23 MP: 2/2
    81 | D:1      | Found Rauriok's Jewellery Boutique.
   104 | D:1      | 104 ||| SHOPLISTING amulet of faith (440 gold, have 6).
   104 | D:1      | 104 ||| SHOPLISTING amulet of regeneration (330 gold, have
                  | 6).
   104 | D:1      | 104 ||| SHOPLISTING ring "Hangauwn" {rC+ rN+ Str+2 SInv}
                  | (466 gold, have 6).
   104 | D:1      | 104 ||| SHOPLISTING ring "Naussar" {rPois rF+ rC+ Dex+3}
                  | (520 gold, have 6).
   104 | D:1      | 104 ||| SHOPLISTING ring of ice (275 gold, have 6).
   104 | D:1      | 104 ||| SHOPLISTING ring of poison resistance (220 gold,
                  | have 6).
   104 | D:1      | 104 ||| SHOPLISTING ring of positive energy (220 gold, have
                  | 6).
   104 | D:1      | 104 ||| SHOPLISTING ring of see invisible (165 gold, have
                  | 6).
   104 | D:1      | 104 ||| SHOPLISTING ring of willpower (275 gold, have 6).
   166 | D:1      | 166 ||| FLEEEEING.
   169 | D:1      | 169 ||| FLEEEEING.
   171 | D:1      | 171 ||| FLEEEEING.
   172 | D:1      | 172 ||| FLEEEEING.
   232 | D:1      | Reached XP level 3. HP: 29/29 MP: 3/3
   359 | D:1      | Found a faded altar of an unknown god.
   510 | D:1      | 510 ||| UPGRADING to +0 ring mail.
   520 | D:1      | 520 ||| DROPPING +0 robe.
   521 | D:1      | 521 ||| READING scroll labelled JIDAUX HORGH.
   522 | D:1      | 522 ||| READING scroll labelled UFIMURUGHA.
   523 | D:1      | 523 ||| READING 6 scrolls labelled TERUXO KYLE.
   524 | D:1      | 524 ||| READING scroll labelled SACUZA YHESCHUPP.
   625 | D:1      | 625 ||| READING 5 scrolls of identify.
   625 | D:1      | 625 ||| IDENTIFYING fizzy red potion
   626 | D:1      | 626 ||| READING 4 scrolls of identify.
   626 | D:1      | 626 ||| IDENTIFYING purple potion
   627 | D:1      | 627 ||| DROPPING scroll of poison.
   709 | D:2      | Reached skill level 4 in Ranged Weapons
   759 | D:2      | Noticed Jessica
   765 | D:2      | Reached skill level 1 in Armour
   765 | D:2      | HP: 5/29 [kobold/+0 club (3)]
   766 | D:2      | 766 ||| DRINKING potion of heal wounds.
   770 | D:2      | Killed from afar by Jessica

Levels and vault maps discovered:
D:1:      eino_arrival_water_cross, layout_rooms,
          hellmonk_ecumenical_altar_slurped_away, serial_shops,
          nicolae_shop_just_a_little_nook
D:2:      layout_rooms, serial_shops, nicolae_shop_rolling_square, uniq_jessica

Skill      XL: |  1  2  3 |
---------------+----------+-----
Ranged Weapons | 3 4 |  4.0
Fighting       | 2 |  2.0
Armour         | 1 |  1.2
Dodging        | |  2.1
Spellcasting   | |  1.0
Hexes          | |  2.0

Action                     || total
---------------------------++-------
   Fire: Sling             ||   103
    Use: Scroll            ||     6
         Potion            ||     1
 Armour: Robe              ||     2
         Ring mail         ||     6
  Dodge: Dodged            ||    23

Table legend:
 A = Non-vault XP
 B = Vault XP
 C = Vault XP percentage of total XP
 D = Non-vault monster count
 E = Vault monster count
 F = Vault count percentage of total count
                 A         B        C        D         E       F
            +---------+---------+-------+---------+---------+-------
      Total |      81 |       2 |   2.4 |      41 |       1 |   2.4
            +---------+---------+-------+---------+---------+-------
        D:1 |      55 |       2 |   3.5 |      32 |       1 |   3.0
        D:2 |      26 |       0 |   0.0 |       9 |       0 |   0.0
            +---------+---------+-------+---------+---------+-------
